Map: Ley Lines

Players

ManlyManMeat - Winner!

  • Race: Zerg Zerg
  • League: Diamond
  • Spawn Location: 1:00

sansego

  • Race: Terran Terran
  • League: Diamond
  • Spawn Location: 7:00

VOD

Have the link to the VOD?

Description

Time

  • Played on: July 5, 2025, 7:05 a.m.
  • Length: 12:55
Show
View Real Time Build Order
Export as new Build Order

ManlyManMeat Zerg - Winner!

Build Orders: Hatch First 

Get SALT Encoding   

  12  0:00  Drone  
  13  0:08  Drone  
  14  0:15  Extractor  
  14  0:16  Drone  
  15  0:21  Overlord  
  15  0:40  Drone  
  16  0:47  Hatchery  
  16  0:49  Drone  
  16  0:53  Drone  
  17  0:57  Drone  
  18  1:09  Extractor  
  17  1:13  Spawning Pool  
  17  1:16  Drone  
  17  1:20  Drone  
  18  1:26  Drone  
  19  1:45  Drone  
  20  1:59  Queen x2  
  20  2:00  Zergling x2  
  20  2:01  Zergling x2  
  26  2:03  Overlord  
  26  2:14  Zergling x4  
  28  2:45  Drone x6  
  28  2:50  Metabolic Boost  
  33  3:00  Queen  
  35  3:14  Overlord x3  
  35  3:17  Baneling Nest  
  34  3:22  Zergling x4  
  35  3:44  Hatchery  
  34  3:51  Drone x5  
  34  3:52  Drone x2  
  41  4:06  Drone  
  41  4:07  Drone x2  
  41  4:09  Lair  
  44  4:13  Evolution Chamber  
  43  4:21  Drone x2  
  43  4:22  Drone  
  46  4:32  Evolution Chamber  
  45  4:38  Queen  
  45  4:44  Overlord x2  
  47  4:56  Zerg Melee Weapons Level 1  
  47  4:57  Zerg Ground Armor Level 1  
  47  5:00  Drone x12  
  59  5:07  Queen  
  61  5:14  Queen  
  61  5:17  Infestation Pit  
  62  5:21  Extractor  
  61  5:31  Drone x3, Extractor  
  61  5:32  Drone x3  
  61  5:33  Extractor  
  65  5:37  Drone x3  
  68  5:48  Overlord x2  
  68  5:54  Hatchery  
  67  5:58  Hatchery  
  67  6:01  Baneling x5  
  67  6:02  Baneling  
  66  6:05  Drone x2, Extractor  
  66  6:06  Drone  
  66  6:07  Drone x4, Extractor  
  66  6:08  Drone x2  
  73  6:15  Zergling x12  
  79  6:25  Zergling x10  
  77  6:31  Infestor x2  
  85  6:41  Zergling x10, Overlord  
  85  6:42  Overlord  
  90  6:52  Drone, Hatchery  
  90  7:01  Zergling x12  
  96  7:14  Zergling x24  
  108  7:26  Baneling x13  
  108  7:27  Zergling x6  
  111  7:39  Zerg Melee Weapons Level 2  
  111  7:40  Zerg Ground Armor Level 2  
  111  7:45  Hydralisk Den  
  111  7:49  Zergling x16  
  118  7:55  Hive  
  116  8:11  Zergling x22  
  94  8:27  Drone x8  
  94  8:28  Drone x5  
  107  8:45  Zergling x24  
  107  8:48  Infestor  
  119  8:49  Infestor  
  119  8:53  Drone  
  124  9:03  Baneling x14  
  124  9:08  Adrenal Glands  
  124  9:12  Ultralisk Cavern  
  123  9:20  Zergling x2  
  123  9:21  Overlord x2  
  123  9:22  Overlord x2  
  124  9:25  Overlord x3  
  124  9:47  Zergling x2  
  124  9:48  Zergling x44  
  124  9:51  Baneling x5  
  124  9:52  Baneling x2  
  147  9:53  Baneling x2  
  147  9:56  Baneling x6  
  147  10:04  Centrifugal Hooks  
  147  10:06  Zerg Melee Weapons Level 3  
  147  10:12  Extractor  
  147  10:13  Extractor  
  138  10:33  Ultralisk x4  
  138  10:34  Zergling x10  
  156  10:48  Zergling x26  
  153  11:06  Ultralisk x3  
  153  11:09  Chitinous Plating  
  170  11:22  Baneling  
  170  11:24  Baneling x22  
  170  11:25  Zergling x2  
  162  11:39  Zergling x30  
  132  12:06  Ultralisk  
  132  12:07  Zergling x24, Ultralisk  
  132  12:08  Zergling x2  
  139  12:28  Spire  
  134  12:34  Zergling x8  
  134  12:35  Zergling x14  
Show
View Real Time Build Order
Export as new Build Order

sansego Terran 

Build Orders:  

Get SALT Encoding   

  12  0:00  SCV  
  13  0:12  SCV  
  14  0:19  Supply Depot  
  14  0:24  SCV  
  15  0:41  SCV  
  16  0:42  Barracks  
  16  0:45  Refinery  
  16  0:53  SCV  
  17  1:00  Barracks  
  17  1:05  SCV  
  18  1:17  SCV  
  19  1:30  Reaper  
  19  1:31  Orbital Command  
  19  1:32  Supply Depot  
  20  1:48  Reaper  
  21  1:57  SCV  
  22  2:05  Reaper  
  23  2:09  SCV  
  23  2:13  Command Center  
  24  2:21  Refinery, SCV  
  25  2:28  Reaper  
  26  2:33  SCV  
  27  2:45  SCV  
  28  2:57  SCV  
  29  3:04  Factory  
  29  3:08  Marine  
  29  3:09  SCV  
  29  3:10  Command Center  
  30  3:16  Marine  
  31  3:25  Marine, SCV  
  33  3:33  Orbital Command  
  33  3:34  Marine  
  35  3:50  Barracks Tech Lab  
  35  3:52  Barracks Reactor  
  35  3:55  SCV  
  35  4:00  Factory Reactor  
  35  4:02  Starport  
  35  4:04  SCV  
  35  4:07  SCV  
  35  4:09  Stimpack  
  37  4:12  Marine  
  37  4:16  SCV  
  39  4:19  SCV  
  40  4:27  Orbital Command  
  40  4:28  SCV  
  40  4:29  Marine  
  42  4:34  Barracks, SCV  
  43  4:40  Marine x2, SCV  
  46  4:46  SCV  
  46  4:47  Marine  
  46  4:51  Barracks, Medivac  
  50  4:52  SCV  
  50  4:53  Medivac  
  50  4:54  SCV  
  50  4:58  SCV  
  55  5:00  Supply Depot  
  55  5:01  Widow Mine  
  55  5:05  Marine, SCV  
  55  5:06  SCV  
  60  5:09  Refinery  
  60  5:12  Supply Depot  
  60  5:16  Refinery, SCV  
  61  5:21  SCV  
  61  5:23  Marauder, Widow Mine  
  66  5:29  Medivac  
  66  5:30  Barracks Reactor  
  66  5:32  SCV  
  66  5:34  SCV  
  70  5:36  SCV  
  70  5:37  Engineering Bay  
  70  5:38  Engineering Bay  
  71  5:43  Supply Depot  
  71  5:44  SCV  
  71  5:45  Marine x3  
  71  5:46  Medivac  
  71  5:47  Factory Tech Lab  
  77  5:51  Barracks  
  77  5:58  Supply Depot  
  77  6:05  SCV  
  77  6:08  Marine x2  
  77  6:09  Marauder, SCV  
  77  6:10  SCV  
  84  6:17  Supply Depot  
  84  6:31  Supply Depot  
  84  6:35  Barracks Tech Lab  
  84  6:38  Barracks Tech Lab  
  84  6:40  Barracks Tech Lab  
  84  6:42  Supply Depot  
  84  6:43  Medivac x2  
  84  6:45  Siege Tank  
  84  6:46  Terran Infantry Weapons Level 1  
  91  6:49  Missile Turret  
  91  6:52  Marine x2  
  91  6:53  SCV  
  94  7:02  Orbital Command, Combat Shield  
  94  7:06  Supply Depot  
  94  7:09  Marine  
  94  7:10  Marine  
  96  7:17  Siege Tank  
  99  7:23  Marauder, Marine x2  
  99  7:24  SCV x2  
  99  7:27  Marine x2  
  99  7:29  SCV  
  108  7:36  SCV x2  
  110  7:41  Marauder, Marine, SCV  
  110  7:42  Supply Depot  
  110  7:43  Supply Depot  
  114  7:45  Marauder, Marine  
  114  7:50  Supply Depot  
  117  7:59  Concussive Shells  
  117  8:03  Marine x3, SCV, Medivac  
  117  8:04  Marauder, Siege Tank, SCV x2  
  129  8:06  Marauder  
  109  8:16  SCV x2  
  105  8:21  Marauder, Marine x2  
  105  8:24  Marine  
  105  8:25  Medivac  
  112  8:27  Marauder, SCV  
  112  8:28  SCV  
  112  8:32  Supply Depot  
  112  8:33  Medivac  
  118  8:39  Marine x2  
  118  8:40  Supply Depot, Terran Infantry Armor Level 1  
  120  8:41  Supply Depot  
  120  8:42  Supply Depot, Marine  
  120  8:43  Marauder  
  120  8:47  Armory  
  123  8:49  Marauder  
  123  8:51  Ghost Academy  
  123  8:52  Missile Turret  
  123  8:54  Supply Depot, SCV  
  123  8:55  Medivac  
  128  8:57  Marine x2  
  128  8:58  SCV x2  
  128  9:02  Marauder  
  134  9:04  Marauder  
  134  9:05  Refinery, Supply Depot  
  134  9:06  SCV  
  137  9:10  Marine, SCV x2  
  137  9:11  Siege Tank  
  137  9:14  Marine x2  
  137  9:15  Liberator  
  148  9:18  SCV  
  148  9:23  Marauder  
  151  9:26  Marauder  
  151  9:28  Marauder  
  155  9:32  Marine x2  
  155  9:33  Refinery  
  155  9:36  Terran Infantry Weapons Level 2  
  155  9:38  Terran Vehicle Weapons Level 1  
  157  9:39  Command Center  
  157  9:45  Marauder, SCV  
  160  9:46  Supply Depot, Marine  
  160  9:48  Supply Depot  
  160  9:49  Marauder  
  160  9:50  Marine x2  
  165  9:58  Siege Tank  
  168  10:02  Liberator  
  168  10:05  Marauder  
  173  10:08  Marauder, Marine x2  
  173  10:11  Marauder  
  179  10:18  Medivac  
  181  10:26  Marine  
  173  10:39  Marine  
  173  10:41  Marauder x2, Marine  
  165  10:43  Marine  
  165  10:45  Medivac  
  134  10:57  Marine  
  134  10:58  Siege Tank  
  134  10:59  Marauder  
  134  11:01  Marine  
  134  11:03  Marauder x2, SCV x2  
  147  11:13  Personal Cloaking  
  147  11:15  Marine  
  148  11:19  Marine, Factory  
  148  11:24  Marine  
  156  11:25  SCV  
  156  11:26  SCV  
  156  11:27  SCV  
  159  11:33  Marine  
  159  11:37  Marine  
  159  11:38  SCV x2  
  136  11:49  Unknown  
  136  11:51  Marine  
  136  11:52  Unknown  
  111  11:54  Orbital Command  
  111  11:55  Marine  
  105  12:03  SCV x2  
  104  12:08  Marine  
  104  12:10  Unknown, Marine  
  104  12:15  Marine, SCV x2  
  103  12:17  Unknown, Marine  
  103  12:21  Unknown, Marine  
  105  12:27  SCV x2  
  105  12:28  Marine  
  104  12:33  Marine  
  104  12:35  Marine  
  70  12:39  SCV  
  70  12:41  Factory Reactor  
Tags
 
Matchup
TvZ
Replay Pack
Myownreplay2
Spawn Locations
Cross Positions
Add a new tag
Caveats
  • Supply blocks, unpowered buildings, or Contaminate may cause inaccurate times.
  • Supply counts are checked every 10 seconds.